[Event "GambitGuide"]
[Site "Internet Chess Club"]
[Date "2014.10.30"]
[Round "1"]
[White "JSBach"]
[Black "ABottleOfSmoke"]
[Result "1-0"]
[ICCResult "Black resigns"]
[WhiteElo "1618"]
[BlackElo "1890"]
[Opening "Vienna: `Frankenstein-Dracula' variation"]
[ECO "C27"]
[NIC "VG.02"]
[Time "14:42:13"]
[TimeControl "120+12"]

1. e4 e5 2. Nc3 Nf6 3. Bc4 Nxe4 4. Qh5 Nd6 5. Bb3 Nc6 6. Nb5 g6 7. Qf3 f5 8.
Qd5 Qe7 9. Nxc7+ Kd8 10. Nxa8 b6 11. Ba4 Bb7 12. Nxb6 axb6 13. Qb3 Kc7 14.
Ne2 Ne4 15. Qb5 Bg7 16. f3 Nc5 17. Nc3 Qe6 18. Bb3 Qd6 19. Nd5+ {Black
resigns} 1-0

[Event "GambitGuide"]
[Site "Internet Chess Club"]
[Date "2014.10.30"]
[Round "1"]
[White "JSBach"]
[Black "asadue"]
[Result "1-0"]
[ICCResult "Black resigns"]
[WhiteElo "1618"]
[BlackElo "1270"]
[Opening "Vienna: `Frankenstein-Dracula' variation"]
[ECO "C27"]
[NIC "VG.02"]
[Time "14:40:42"]
[TimeControl "120+12"]

1. e4 e5 2. Nc3 Nf6 3. Bc4 Nxe4 4. Qh5 Nd6 5. Bb3 Nc6 6. Nb5 g6 7. Qf3 f5 8.
Qd5 Qe7 9. Nxc7+ Kd8 10. Nxa8 b6 11. Ba4 Bb7 12. Nxb6 axb6 13. Qb3 Kc7 14.
Ne2 Qg5 15. Qg3 Qxg3 16. Nxg3 e4 17. Bb3 Ne5 18. a4 Bg7 19. a5 bxa5 20. Rxa5
Ndc4 21. Bxc4 Nxc4 22. Rc5+ Bc6 23. Rxc4 Ra8 24. b4 Ra1 25. Ke2 f4 26. Nxe4
Bb2 27. Bxb2 Rxh1 28. Be5+ Kd8 29. Bxf4 Bxe4 30. Bg5+ Ke8 31. Rxe4+ Kf7 32.
Re7+ Kf8 33. Rxh7 {Black resigns} 1-0

[Event "GambitGuide"]
[Site "Internet Chess Club"]
[Date "2014.10.30"]
[Round "1"]
[White "JSBach"]
[Black "brax380"]
[Result "1-0"]
[ICCResult "Black resigns"]
[WhiteElo "1618"]
[BlackElo "1321"]
[Opening "Vienna: `Frankenstein-Dracula' variation"]
[ECO "C27"]
[NIC "VG.02"]
[Time "14:40:37"]
[TimeControl "120+12"]

1. e4 e5 2. Nc3 Nf6 3. Bc4 Nxe4 4. Qh5 Nd6 5. Bb3 Nc6 6. Nb5 g6 7. Qf3 f5 8.
Qd5 Qe7 9. Nxc7+ Kd8 10. Nxa8 b6 11. Ba4 Nb4 12. Qb3 Ne4 13. d3 Nxf2 14.
Kxf2 Qh4+ 15. Kf1 Qg4 16. Qc3 Bb7 17. Qc7+ Ke7 18. Qxe5+ Kf7 19. Bb3+ d5 20.
Qc7+ Kf6 21. Qxb7 Qd1+ 22. Kf2 Bc5+ 23. Be3 Qd2+ 24. Kf1 Bxe3 25. Ne2 Nxc2
26. Qc6+ Kg5 27. Bxc2 Qxc2 28. Qxc2 {Black resigns} 1-0

[Event "GambitGuide"]
[Site "Internet Chess Club"]
[Date "2014.10.30"]
[Round "1"]
[White "JSBach"]
[Black "northbrew"]
[Result "1-0"]
[ICCResult "Black resigns"]
[WhiteElo "1618"]
[BlackElo "1713"]
[Opening "Vienna: `Frankenstein-Dracula' variation"]
[ECO "C27"]
[NIC "VG.02"]
[Time "14:39:55"]
[TimeControl "120+12"]

1. e4 e5 2. Nc3 Nf6 3. Bc4 Nxe4 4. Qh5 Nd6 5. Bb3 Nc6 6. Nb5 g6 7. Qf3 f5 8.
Qd5 Qe7 9. Nxc7+ Kd8 10. Nxa8 b6 11. Ba4 Bb7 12. Nxb6 axb6 13. Qb3 Kc7 14.
Ne2 Bg7 15. Rb1 Ra8 16. O-O Ne4 17. Nc3 Nxc3 18. bxc3 Qc5 19. Bb5 Ra5 20.
Re1 Na7 21. Bd3 e4 22. Be2 b5 23. Qg8 Be5 24. Qxh7 Ra6 25. a4 Rxa4 26. Qxg6
f4 27. Qe8 f3 28. Bxf3 exf3 29. Rxe5 Qc6 30. g3 Re4 31. Ra1 Rxe5 32. Qxe5+
d6 33. Qe7+ Kb6 34. Qd8+ Qc7 35. Qxc7+ Kxc7 36. Rxa7 Kb6 37. Rxb7+ Kxb7 38.
h4 {Black resigns} 1-0

[Event "GambitGuide"]
[Site "Internet Chess Club"]
[Date "2014.10.30"]
[Round "1"]
[White "JSBach"]
[Black "ABottleOfSmoke"]
[Result "1-0"]
[ICCResult "Black resigns"]
[WhiteElo "1618"]
[BlackElo "1890"]
[Opening "Vienna: `Frankenstein-Dracula' variation"]
[ECO "C27"]
[NIC "VG.02"]
[Time "14:42:41"]
[TimeControl "120+12"]

1. e4 e5 2. Nc3 Nf6 3. Bc4 Nxe4 4. Qh5 Nd6 5. Bb3 Nc6 6. Nb5 g6 7. Qf3 f5 8.
Qd5 Qe7 9. Nxc7+ Kd8 10. Nxa8 b6 11. Ba4 Bb7 12. Nxb6 axb6 13. Qb3 Kc7 14.
Ne2 Ne4 15. Bb5 Qe6 16. Qxe6 dxe6 17. d3 Nc5 18. Bxc6 Bxc6 19. f3 Bg7 20.
Be3 Rd8 21. Bxc5 bxc5 22. Nc3 Rb8 23. O-O-O Bd5 24. a4 Rb4 25. Rhe1 Bf6 26.
a5 Kb7 27. b3 Ka6 28. Na4 Be7 29. c4 Bc6 30. Rxe5 Bd7 31. Nxc5+ Bxc5 32.
Rxc5 Rxb3 33. Kc2 Ra3 34. Rc7 {Black resigns} 1-0

[Event "GambitGuide"]
[Site "Internet Chess Club"]
[Date "2014.10.30"]
[Round "1"]
[White "JSBach"]
[Black "Slafsslubbe"]
[Result "0-1"]
[ICCResult "White checkmated"]
[WhiteElo "1618"]
[BlackElo "1592"]
[Opening "Vienna: `Frankenstein-Dracula' variation"]
[ECO "C27"]
[NIC "VG.02"]
[Time "14:41:00"]
[TimeControl "120+12"]

1. e4 e5 2. Nc3 Nf6 3. Bc4 Nxe4 4. Qh5 Nd6 5. Bb3 Nc6 6. Nb5 g6 7. Qf3 f5 8.
Qd5 Qe7 9. Nxc7+ Kd8 10. Nxa8 b6 11. Ba4 Bb7 12. Nxb6 axb6 13. Qb3 Kc7 14.
Ne2 Bg7 15. Nc3 Nd4 16. Nd5+ Bxd5 17. Qxd5 Qe6 18. Qxe6 dxe6 19. c3 Nc6 20.
Bb3 Kd7 21. d3 e4 22. d4 e5 23. d5 Na5 24. Bc2 Rc8 25. Bg5 f4 26. Ke2 h6 27.
Bh4 g5 28. b4 Nac4 29. Bxg5 hxg5 30. Bb3 e3 31. Rhc1 e4 32. Bxc4 Nxc4 33. a4
exf2 34. Kxf2 Kd6 35. a5 bxa5 36. bxa5 Kxd5 37. h3 e3+ 38. Ke2 Ra8 39. a6
Ke4 40. Ra4 Kd5 41. Rb4 Rxa6 42. Rb5+ Kc6 43. Rxg5 Ra2+ 44. Kf3 Rf2+ 45. Kg4
Be5 46. Kf5 e2 47. Rg8 Rf1 48. Rc8+ Kb7 49. Rxc4 Rxc1 50. Re4 e1=Q 51. Rxe1
Rxe1 52. Kg6 Bxc3 53. Kg5 Rg1 54. Kxf4 Rxg2 55. h4 Kc6 56. h5 Kd6 57. Kf3
Rg1 58. Ke4 Ke6 59. Kf3 Kf6 60. Kf4 Kg7 61. Ke3 Kh6 62. Ke4 Kxh5 63. Kd3 Kg4
64. Kxc3 Kf4 65. Kd3 Re1 66. Kc3 Ke3 67. Kc4 Rd1 68. Kc5 Ke4 69. Kb4 Kd3 70.
Kc5 Ke4 71. Kc4 Rc1+ 72. Kb4 Kd4 73. Kb5 Rc2 74. Kb4 Rb2+ 75. Ka3 Rb8 76.
Ka2 Kc3 77. Ka1 Kc2 78. Ka2 Ra8# {White checkmated} 0-1

[Event "GambitGuide"]
[Site "Internet Chess Club"]
[Date "2014.10.30"]
[Round "1"]
[White "JSBach"]
[Black "DOXDURAN"]
[Result "1-0"]
[ICCResult "Black checkmated"]
[WhiteElo "1618"]
[BlackElo "1629"]
[Opening "Vienna: `Frankenstein-Dracula' variation"]
[ECO "C27"]
[NIC "VG.02"]
[Time "14:42:03"]
[TimeControl "120+12"]

1. e4 e5 2. Nc3 Nf6 3. Bc4 Nxe4 4. Qh5 Nd6 5. Bb3 Nc6 6. Nb5 g6 7. Qf3 f5 8.
Qd5 Qe7 9. Nxc7+ Kd8 10. Nxa8 b6 11. Ba4 Ne4 12. Bxc6 Qh4 13. g3 Qg4 14.
Qxe5 Bc5 15. Qxh8+ Ke7 16. f3 Bf2+ 17. Kd1 Qh5 18. g4 Qh4 19. Qxc8 Bc5 20.
Qxd7+ Kf6 21. fxe4 Qxg4+ 22. Ne2 Kg5 23. d4+ Kh5 24. Qxh7# {Black
checkmated} 1-0

[Event "GambitGuide"]
[Site "Internet Chess Club"]
[Date "2014.10.30"]
[Round "1"]
[White "JSBach"]
[Black "asadue"]
[Result "0-1"]
[ICCResult "White checkmated"]
[WhiteElo "1618"]
[BlackElo "1270"]
[Opening "Vienna: `Frankenstein-Dracula' variation"]
[ECO "C27"]
[NIC "VG.02"]
[Time "14:42:53"]
[TimeControl "120+12"]

1. e4 e5 2. Nc3 Nf6 3. Bc4 Nxe4 4. Qh5 Nd6 5. Bb3 Nc6 6. Nb5 g6 7. Qf3 f5 8.
Qd5 Qe7 9. Nxc7+ Kd8 10. Nxa8 b6 11. Ba4 Bb7 12. Nxb6 axb6 13. Qb3 Kc7 14.
Ne2 Nd4 15. Nxd4 exd4+ 16. Kf1 Bg7 17. d3 Re8 18. Be3 dxe3 19. Re1 e2+ 20.
Kg1 Qg5 21. g3 Qd2 22. Bc6 Qxe1+ 23. Kg2 Qxh1+ 24. Kxh1 e1=Q+ 25. Kg2 Bxc6+
26. Qd5 Bxd5+ 27. f3 Qd2+ 28. Kh3 Qxc2 29. b4 Qxa2 30. d4 Qc4 31. Kg2 Qxd4
32. h4 Qxb4 33. h5 gxh5 34. g4 Re2+ 35. Kg3 Be5+ 36. Kh4 Rh2+ 37. Kg5 Qd2+
38. f4 Qxf4# {White checkmated} 0-1

[Event "GambitGuide"]
[Site "Internet Chess Club"]
[Date "2014.10.30"]
[Round "1"]
[White "JSBach"]
[Black "ABottleOfSmoke"]
[Result "1-0"]
[ICCResult "Black resigns"]
[WhiteElo "1618"]
[BlackElo "1890"]
[Opening "Vienna: `Frankenstein-Dracula' variation"]
[ECO "C27"]
[NIC "VG.02"]
[Time "14:44:01"]
[TimeControl "120+12"]

1. e4 e5 2. Nc3 Nf6 3. Bc4 Nxe4 4. Qh5 Nd6 5. Bb3 Nc6 6. Nb5 g6 7. Qf3 f5 8.
Qd5 Qe7 9. Nxc7+ Kd8 10. Nxa8 b6 11. Ba4 Bb7 12. Nxb6 axb6 13. Qb3 Kc7 14.
Ne2 Na5 15. Qh3 Bg7 16. d3 Nf7 17. Bd2 Nc6 18. Qe3 Qe6 19. Bb3 d5 20. Nf4
{Black resigns}
1-0

[Event "GambitGuide"]
[Site "Internet Chess Club"]
[Date "2014.10.30"]
[Round "1"]
[White "JSBach"]
[Black "brax380"]
[Result "1-0"]
[ICCResult "Black resigns"]
[WhiteElo "1618"]
[BlackElo "1321"]
[Opening "Vienna: `Frankenstein-Dracula' variation"]
[ECO "C27"]
[NIC "VG.02"]
[Time "14:43:17"]
[TimeControl "120+12"]

1. e4 e5 2. Nc3 Nf6 3. Bc4 Nxe4 4. Qh5 Nd6 5. Bb3 Nc6 6. Nb5 g6 7. Qf3 f5 8.
Qd5 Qe7 9. Nxc7+ Kd8 10. Nxa8 b6 11. Ba4 Bb7 12. Nxb6 axb6 13. Qb3 Bh6 14.
d3 Bxc1 15. Qxb6+ Ke8 16. Rxc1 e4 17. Ne2 exd3 18. cxd3 Ne5 19. Rc3 Bxg2 20.
Qb8+ Kf7 21. Qxh8 Nf3+ 22. Kd1 Bxh1 23. Bb3+ Nc4 24. Bxc4+ d5 25. Bxd5+
{Black resigns}
1-0

[Event "GambitGuide"]
[Site "Internet Chess Club"]
[Date "2014.10.30"]
[Round "1"]
[White "JSBach"]
[Black "TheJedi"]
[Result "1-0"]
[ICCResult "Black resigns"]
[WhiteElo "1618"]
[BlackElo "2119"]
[Opening "Vienna: `Frankenstein-Dracula' variation"]
[ECO "C27"]
[NIC "VG.02"]
[Time "14:43:00"]
[TimeControl "120+12"]

1. e4 e5 2. Nc3 Nf6 3. Bc4 Nxe4 4. Qh5 Nd6 5. Bb3 Nc6 6. Nb5 g6 7. Qf3 f5 8.
Qd5 Qe7 9. Nxc7+ Kd8 10. Nxa8 b6 11. Ba4 Bb7 12. Nxb6 axb6 13. Qb3 Kc7 14.
Ne2 Bg7 15. O-O Ba6 16. Re1 b5 17. Bxb5 Bxb5 18. Nc3 Bc4 19. Nd5+ Bxd5 20.
Qxd5 Qe6 21. Qf3 e4 22. Qe3 Bd4 23. Qg3 Qe5 24. Qxe5 Nxe5 25. a4 Rb8 26. Rb1
Ndc4 27. b4 d5 28. h4 h5 29. Rb3 Ng4 30. Re2 Nb6 31. a5 Nc4 32. a6 Kb6 33.
d3 Nd6 34. Bf4 Be5 35. Bxe5 Nxe5 36. Ra3 Ra8 37. dxe4 fxe4 38. Ra5 Rxa6 39.
Rxa6+ Kxa6 40. Rd2 Ndc4 41. Rxd5 {Black resigns} 1-0

[Event "GambitGuide"]
[Site "Internet Chess Club"]
[Date "2014.10.30"]
[Round "1"]
[White "JSBach"]
[Black "DOXDURAN"]
[Result "1-0"]
[ICCResult "Black resigns"]
[WhiteElo "1618"]
[BlackElo "1629"]
[Opening "Vienna: `Frankenstein-Dracula' variation"]
[ECO "C27"]
[NIC "VG.02"]
[Time "14:45:10"]
[TimeControl "120+12"]

1. e4 e5 2. Nc3 Nf6 3. Bc4 Nxe4 4. Qh5 Nd6 5. Bb3 Nc6 6. Nb5 g6 7. Qf3 f5 8.
Qd5 Qe7 9. Nxc7+ Kd8 10. Nxa8 b6 11. Ba4 b5 12. Bxb5 Nxb5 13. Qxb5 Qg5 14.
Qd5 Nd4 15. Qa5+ Ke8 16. Nc7+ Kf7 17. Qd5+ Kg7 18. Qxe5+ Kh6 19. Qxd4 Bg7
20. Qe3 f4 21. Qh3+ Qh5 22. Qxh5+ gxh5 23. d4 Bxd4 24. Bxf4+ Kg6 25. c3 Bb6
26. Bd6 Rg8 27. Nd5 {Black resigns} 1-0

[Event "GambitGuide"]
[Site "Internet Chess Club"]
[Date "2014.10.30"]
[Round "1"]
[White "JSBach"]
[Black "brax380"]
[Result "1-0"]
[ICCResult "Black checkmated"]
[WhiteElo "1618"]
[BlackElo "1321"]
[Opening "Vienna: `Frankenstein-Dracula' variation"]
[ECO "C27"]
[NIC "VG.02"]
[Time "14:46:43"]
[TimeControl "120+12"]

1. e4 e5 2. Nc3 Nf6 3. Bc4 Nxe4 4. Qh5 Nd6 5. Bb3 Nc6 6. Nb5 g6 7. Qf3 f5 8.
Qd5 Qe7 9. Nxc7+ Kd8 10. Nxa8 b6 11. Ba4 Nd4 12. f4 exf4+ 13. Kd1 Qe2+ 14.
Nxe2 Nxe2 15. Kxe2 Bh6 16. Qxd6 Re8+ 17. Kd3 Ba6+ 18. c4 Re6 19. Qxd7#
{Black checkmated}
1-0

[Event "GambitGuide"]
[Site "Internet Chess Club"]
[Date "2014.10.30"]
[Round "1"]
[White "JSBach"]
[Black "lloly"]
[Result "1-0"]
[ICCResult "Black forfeits on time"]
[WhiteElo "1618"]
[BlackElo "1291"]
[Opening "Vienna: `Frankenstein-Dracula' variation"]
[ECO "C27"]
[NIC "VG.02"]
[Time "14:42:51"]
[TimeControl "120+12"]

1. e4 e5 2. Nc3 Nf6 3. Bc4 Nxe4 4. Qh5 Nd6 5. Bb3 Nc6 6. Nb5 g6 7. Qf3 f5 8.
Qd5 Qe7 9. Nxc7+ Kd8 10. Nxa8 b6 11. Ba4 Nb4 12. Qb3 Ne4 13. d3 Nxf2 14.
Kxf2 Qc5+ 15. Be3 Qd6 16. Bg5+ Be7 17. Bxe7+ Kxe7 18. Qc3 Bb7 19. Nc7 Rc8
20. Nb5 Rxc3 21. Nxd6 b5 22. bxc3 bxa4 23. Nxb7 Nxc2 24. Rc1
{Black forfeits on time}
1-0

[Event "GambitGuide"]
[Site "Internet Chess Club"]
[Date "2014.10.30"]
[Round "1"]
[White "JSBach"]
[Black "TheJedi"]
[Result "1/2-1/2"]
[ICCResult "Game drawn because neither player has mating material"]
[WhiteElo "1618"]
[BlackElo "2119"]
[Opening "Vienna: `Frankenstein-Dracula' variation"]
[ECO "C27"]
[NIC "VG.02"]
[Time "14:45:13"]
[TimeControl "120+12"]

1. e4 e5 2. Nc3 Nf6 3. Bc4 Nxe4 4. Qh5 Nd6 5. Bb3 Nc6 6. Nb5 g6 7. Qf3 f5 8.
Qd5 Qe7 9. Nxc7+ Kd8 10. Nxa8 b6 11. Ba4 Bb7 12. Nxb6 axb6 13. Qb3 Kc7 14.
Ne2 Na5 15. Qg3 Bg7 16. c3 e4 17. Qf4 Be5 18. Qh6 Bg7 19. Qf4 Be5 20. Qh6 b5
21. Bc2 Bg7 22. Qe3 Nac4 23. Qc5+ Bc6 24. b3 Ne5 25. O-O Nc8 26. Qxe7 Nxe7
27. Ba3 Nd5 28. Rfd1 Nd3 29. Rab1 Be5 30. h3 f4 31. c4 bxc4 32. bxc4 Nf6 33.
Be7 g5 34. Bb3 h5 35. Kf1 g4 36. h4 f3 37. gxf3 gxf3 38. Ng1 Bd4 39. a4 Ng4
40. Nh3 Ngxf2 41. Nxf2 Nxf2 42. Re1 Rg8 43. a5 Nd3 44. Bd6+ Kxd6 45. c5+
Kxc5 46. Bxg8 Nxe1 47. Kxe1 f2+ 48. Kf1 Bb5+ 49. Kg2 f1=Q+ 50. Rxf1 Bxf1+
51. Kxf1 Kb5 52. Bf7 Kxa5 53. Bxh5 Kb6 54. Bg4 d5 55. Be6 Kc5 56. Ke2 Bf6
57. h5 Bg5 58. Bf5 Kd4 59. Be6 Ke5 60. Bd7 d4 61. Bc6 d3+ 62. Kd1 Bh6 63.
Bb5 Kd4 64. Ba6 Ke5 65. Bb5 Kf4 66. Bc4 Kg5 67. Bf7 Kf4 68. Bg6 Ke5 69. Ke1
Kd4 70. Kd1 Bg5 71. Bf5 Ke5 72. Bg6 Bh6 73. Ke1 Kf4 74. Bh7 Kf3 75. Bg8 e3
76. Bd5+ Kf4 77. Bc4 exd2+ 78. Kxd2 Kg4+ 79. Kxd3 Kxh5
{Game drawn because neither player has mating material}
1/2-1/2

[Event "GambitGuide"]
[Site "Internet Chess Club"]
[Date "2014.10.30"]
[Round "1"]
[White "JSBach"]
[Black "barnettj"]
[Result "1-0"]
[ICCResult "Black resigns"]
[WhiteElo "1618"]
[BlackElo "1580"]
[Opening "Vienna: `Frankenstein-Dracula' variation"]
[ECO "C27"]
[NIC "VG.02"]
[Time "14:44:52"]
[TimeControl "120+12"]

1. e4 e5 2. Nc3 Nf6 3. Bc4 Nxe4 4. Qh5 Nd6 5. Bb3 Nc6 6. Nb5 g6 7. Qf3 f5 8.
Qd5 Qe7 9. Nxc7+ Kd8 10. Nxa8 b6 11. Ba4 Bb7 12. Nxb6 axb6 13. Qb3 Nc8 14.
Nf3 e4 15. Ng1 Bg7 16. Bb5 Bd4 17. c3 Bc5 18. Ne2 Qh4 19. O-O Bd6 20. g3 Qh3
21. Qf7 Ne5 22. Qf6+ Kc7 23. Nd4 Ng4 24. Qh4 Qxh4 25. gxh4 Bxh2+ 26. Kh1 e3+
27. f3 Nf2+ 28. Kxh2 Nd6 29. dxe3 Nxb5 30. Nxb5+ Kc6 31. Nd4+ Kd5 32. Rxf2
{Black resigns}
1-0

[Event "GambitGuide"]
[Site "Internet Chess Club"]
[Date "2014.10.30"]
[Round "1"]
[White "JSBach"]
[Black "TheJedi"]
[Result "1-0"]
[ICCResult "Black resigns"]
[WhiteElo "1615"]
[BlackElo "2119"]
[Opening "Vienna: `Frankenstein-Dracula' variation"]
[ECO "C27"]
[NIC "VG.02"]
[Time "14:48:28"]
[TimeControl "120+12"]

1. e4 e5 2. Nc3 Nf6 3. Bc4 Nxe4 4. Qh5 Nd6 5. Bb3 Nc6 6. Nb5 g6 7. Qf3 f5 8.
Qd5 Qe7 9. Nxc7+ Kd8 10. Nxa8 b6 11. Ba4 Bb7 12. Nxb6 axb6 13. Qb3 Ba6 14.
Qxb6+ {Black resigns} 1-0

[Event "GambitGuide"]
[Site "Internet Chess Club"]
[Date "2014.10.30"]
[Round "1"]
[White "JSBach"]
[Black "TheJedi"]
[Result "1-0"]
[ICCResult "Black resigns"]
[WhiteElo "1612"]
[BlackElo "2119"]
[Opening "Vienna: `Frankenstein-Dracula' variation"]
[ECO "C27"]
[NIC "VG.02"]
[Time "14:48:44"]
[TimeControl "120+12"]

1. e4 e5 2. Nc3 Nf6 3. Bc4 Nxe4 4. Qh5 Nd6 5. Bb3 Nc6 6. Nb5 g6 7. Qf3 f5 8.
Qd5 Qe7 9. Nxc7+ Kd8 10. Nxa8 b6 11. Ba4 Bb7 12. Nxb6 axb6 13. Qb3 Kc7 14.
Ne2 Na5 15. Qg3 Bg7 16. d3 b5 17. Bg5 Bf6 18. Bxf6 Qxf6 19. Bb3 Nxb3 20.
axb3 Nf7 21. Nd4 Bc6 22. Ra6 Qd6 23. Nxb5+ {Black resigns} 1-0

[Event "GambitGuide"]
[Site "Internet Chess Club"]
[Date "2014.10.30"]
[Round "1"]
[White "JSBach"]
[Black "northbrew"]
[Result "1-0"]
[ICCResult "Black resigns"]
[WhiteElo "1612"]
[BlackElo "1713"]
[Opening "Vienna: `Frankenstein-Dracula' variation"]
[ECO "C27"]
[NIC "VG.02"]
[Time "14:44:03"]
[TimeControl "120+12"]

1. e4 e5 2. Nc3 Nf6 3. Bc4 Nxe4 4. Qh5 Nd6 5. Bb3 Nc6 6. Nb5 g6 7. Qf3 f5 8.
Qd5 Qe7 9. Nxc7+ Kd8 10. Nxa8 b6 11. Ba4 Bb7 12. Nxb6 axb6 13. Qb3 Nc8 14.
Ne2 Na5 15. Qh3 d5 16. Bb5 Nd6 17. Ba4 Bg7 18. d3 Nf7 19. Bd2 d4 20. a3 Bd5
21. Bb4 Qe6 22. f3 Nc6 23. Bxc6 Qxc6 24. c4 dxc3 25. Nxc3 Be6 26. Rc1 Qd7
27. f4 exf4 28. Rf1 g5 29. Rf2 Bd4 30. Re2 Be3 31. Rxe3 fxe3 32. Qxe3 Re8
33. Qxb6+ Qc7 34. Qd4+ Qd7 35. Qf6+ Kc8 36. Nd5+ Kb8 37. Nc7 Qxc7 38. Rxc7
Kxc7 39. Be7 Kd7 40. Bc5 f4 41. b4 Nd6 42. Qxg5 Bf5+ 43. Kd2 Re5 44. Qxf4
Rd5 45. Bxd6 Rxd6 46. Qxf5+ {Black resigns} 1-0

[Event "GambitGuide"]
[Site "Internet Chess Club"]
[Date "2014.10.30"]
[Round "1"]
[White "JSBach"]
[Black "brax380"]
[Result "1-0"]
[ICCResult "Black checkmated"]
[WhiteElo "1612"]
[BlackElo "1321"]
[Opening "Vienna: `Frankenstein-Dracula' variation"]
[ECO "C27"]
[NIC "VG.02"]
[Time "14:47:22"]
[TimeControl "120+12"]

1. e4 e5 2. Nc3 Nf6 3. Bc4 Nxe4 4. Qh5 Nd6 5. Bb3 Nc6 6. Nb5 g6 7. Qf3 f5 8.
Qd5 Qe7 9. Nxc7+ Kd8 10. Nxa8 b6 11. Ba4 Nd4 12. f4 exf4+ 13. Kf2 Ne6 14.
Qe5 Nc4 15. Qxh8 Qc5+ 16. Ke1 Bb7 17. Qxh7 b5 18. Qxg6 Qe5+ 19. Kf2 Qd4+ 20.
Ke1 Qe4+ 21. Kd1 bxa4 22. d3 Nxb2+ 23. Bxb2 Qe3 24. Bf6+ Be7 25. Qg8+ Nf8
26. Qxf8# {Black checkmated} 1-0

[Event "GambitGuide"]
[Site "Internet Chess Club"]
[Date "2014.10.30"]
[Round "1"]
[White "JSBach"]
[Black "brax380"]
[Result "1-0"]
[ICCResult "Black resigns"]
[WhiteElo "1607"]
[BlackElo "1321"]
[Opening "Vienna: `Frankenstein-Dracula' variation"]
[ECO "C27"]
[NIC "VG.02"]
[Time "14:50:34"]
[TimeControl "120+12"]

1. e4 e5 2. Nc3 Nf6 3. Bc4 Nxe4 4. Qh5 Nd6 5. Bb3 Nc6 6. Nb5 g6 7. Qf3 f5 8.
Qd5 Qe7 9. Nxc7+ Kd8 10. Nxa8 b6 11. Ba4 Nd4 12. f4 exf4+ 13. Kd1 Bb7 14.
Qxd4 Bg7 15. Qxf4 Re8 16. Qe3 Qh4 17. Qg3 Qe4 18. Nxb6 Qe2+ 19. Nxe2
{Black resigns}
1-0

[Event "GambitGuide"]
[Site "Internet Chess Club"]
[Date "2014.10.30"]
[Round "1"]
[White "JSBach"]
[Black "TheJedi"]
[Result "1-0"]
[ICCResult "Black resigns"]
[WhiteElo "1607"]
[BlackElo "2119"]
[Opening "Vienna: `Frankenstein-Dracula' variation"]
[ECO "C27"]
[NIC "VG.02"]
[Time "14:49:24"]
[TimeControl "120+12"]

1. e4 e5 2. Nc3 Nf6 3. Bc4 Nxe4 4. Qh5 Nd6 5. Bb3 Nc6 6. Nb5 g6 7. Qf3 f5 8.
Qd5 Qe7 9. Nxc7+ Kd8 10. Nxa8 b6 11. Ba4 Bb7 12. Nxb6 axb6 13. Qb3 Kc7 14.
Ne2 Bg7 15. Nc3 Na5 16. Nd5+ Bxd5 17. Qxd5 Qe6 18. Qxe6 dxe6 19. b4 Nc6 20.
Bxc6 Kxc6 21. Rg1 e4 22. Rb1 b5 23. Bb2 e5 24. Rd1 Ra8 25. Ra1 Nc4 26. Bc3
Kd5 27. Kd1 Nb6 28. Re1 Na4 29. Re3 f4 30. Rh3 h5 31. Ke1 Rc8 32. Rd1 Ke6
33. Ke2 Kf5 34. Rc1 Rh8 35. Rb1 g5 36. Ba1 g4 37. Rhb3 Rc8 38. Kd1 h4 39.
Rc1 f3 40. g3 hxg3 41. hxg3 Rh8 42. Re3 Bf8 43. a3 Bd6 44. c4 bxc4 45. Rxc4
Rh1+ 46. Re1 Rh2 47. Rcxe4 Rxf2 48. Bxe5 Bxe5 49. Rxe5+ Kf6 50. Re6+ Kf7 51.
R6e4 {Black resigns} 1-0

[Event "GambitGuide"]
[Site "Internet Chess Club"]
[Date "2014.10.30"]
[Round "1"]
[White "JSBach"]
[Black "brax380"]
[Result "1-0"]
[ICCResult "Black checkmated"]
[WhiteElo "1620"]
[BlackElo "1321"]
[Opening "Vienna: `Frankenstein-Dracula' variation"]
[ECO "C27"]
[NIC "VG.02"]
[Time "14:51:23"]
[TimeControl "120+12"]

1. e4 e5 2. Nc3 Nf6 3. Bc4 Nxe4 4. Qh5 Nd6 5. Bb3 Nc6 6. Nb5 g6 7. Qf3 f5 8.
Qd5 Qe7 9. Nxc7+ Kd8 10. Nxa8 b6 11. Ba4 Nd4 12. f4 exf4+ 13. Kf2 Ne4+ 14.
Kf1 Bg7 15. d3 Ng5 16. Bxf4 Re8 17. Bc7# {Black checkmated} 1-0

[Event "GambitGuide"]
[Site "Internet Chess Club"]
[Date "2014.10.30"]
[Round "1"]
[White "JSBach"]
[Black "lloly"]
[Result "1-0"]
[ICCResult "Black resigns"]
[WhiteElo "1620"]
[BlackElo "1291"]
[Opening "Vienna: `Frankenstein-Dracula' variation"]
[ECO "C27"]
[NIC "VG.02"]
[Time "14:50:41"]
[TimeControl "120+12"]

1. e4 e5 2. Nc3 Nf6 3. Bc4 Nxe4 4. Qh5 Nd6 5. Bb3 Nc6 6. Nb5 g6 7. Qf3 f5 8.
Qd5 Qe7 9. Nxc7+ Kd8 10. Nxa8 b6 11. Ba4 Bb7 12. Nxb6 axb6 13. Qb3 Kc7 14.
Ne2 Na5 15. Qg3 Bc6 16. Bxc6 dxc6 17. f3 Bg7 18. d3 f4 19. Qg4 Bf6 20. Bd2
Bh4+ 21. g3 fxg3 22. hxg3 Bg5 23. Bxg5 Qf7 24. b4 {Black resigns} 1-0

[Event "GambitGuide"]
[Site "Internet Chess Club"]
[Date "2014.10.30"]
[Round "1"]
[White "JSBach"]
[Black "DOXDURAN"]
[Result "1-0"]
[ICCResult "Black checkmated"]
[WhiteElo "1620"]
[BlackElo "1629"]
[Opening "Vienna: `Frankenstein-Dracula' variation"]
[ECO "C27"]
[NIC "VG.02"]
[Time "14:49:59"]
[TimeControl "120+12"]

1. e4 e5 2. Nc3 Nf6 3. Bc4 Nxe4 4. Qh5 Nd6 5. Bb3 Nc6 6. Nb5 g6 7. Qf3 f5 8.
Qd5 Qe7 9. Nxc7+ Kd8 10. Nxa8 b6 11. Ba4 Bb7 12. Nxb6 axb6 13. Qb3 b5 14.
Nf3 bxa4 15. Qxa4 e4 16. Nd4 Qg5 17. O-O Nxd4 18. Qxd4 e3 19. f3 e2 20. Re1
Bxf3 21. Rxe2 Bxe2 22. Qxh8 Ke8 23. Qxh7 Bh5 24. d4 Qg4 25. Be3 Qe2 26. Bf4
Ne4 27. Rf1 Qxc2 28. g4 fxg4 29. Be5 Nd2 30. Qf7+ Kd8 31. Qxf8#
{Black checkmated}
1-0

[Event "GambitGuide"]
[Site "Internet Chess Club"]
[Date "2014.10.30"]
[Round "1"]
[White "JSBach"]
[Black "Lyon"]
[Result "1-0"]
[ICCResult "Black resigns"]
[WhiteElo "1620"]
[BlackElo "1400"]
[Opening "Vienna: `Frankenstein-Dracula' variation"]
[ECO "C27"]
[NIC "VG.02"]
[Time "14:54:09"]
[TimeControl "120+12"]

1. e4 e5 2. Nc3 Nf6 3. Bc4 Nxe4 4. Qh5 Nd6 5. Bb3 Nc6 6. Nb5 g6 7. Qf3 f5 8.
Qd5 Qe7 9. Nxc7+ Kd8 10. Nxa8 b6 11. Ba4 Bb7 12. Nxb6 axb6 13. Qb3 Kc7 14.
Ne2 Bg7 15. Qd3 e4 16. Qe3 Bd4 17. Nxd4 Nxd4 18. Qc3+ Kd8 19. Qxd4 Re8 20.
Qxb6+ {Black resigns} 1-0

[Event "GambitGuide"]
[Site "Internet Chess Club"]
[Date "2014.10.30"]
[Round "1"]
[White "JSBach"]
[Black "brax380"]
[Result "1-0"]
[ICCResult "Black resigns"]
[WhiteElo "1620"]
[BlackElo "1321"]
[Opening "Vienna: `Frankenstein-Dracula' variation"]
[ECO "C27"]
[NIC "VG.02"]
[Time "14:52:35"]
[TimeControl "120+12"]

1. e4 e5 2. Nc3 Nf6 3. Bc4 Nxe4 4. Qh5 Nd6 5. Bb3 Nc6 6. Nb5 g6 7. Qf3 f5 8.
Qd5 Qe7 9. Nxc7+ Kd8 10. Nxa8 b6 11. Ba4 Nd4 12. f4 exf4+ 13. Kd1 Nc6 14.
Bxc6 dxc6 15. Qd4 Bg7 16. Qa4 Nb5 17. Qxf4 Be5 18. Qf3 Bb7 19. Qd3+ Kc8 20.
a4 Rd8 21. Qe3 Nd4 22. c3 Nb3 23. Ra3 Nxc1 24. Nxb6+ axb6 25. Kxc1 Qf6 26.
Qxb6 Bc7 27. Qe3 Qf7 28. Nf3 Re8 29. Ng5 Qg7 30. Qxe8+ {Black resigns} 1-0